 Dungeon Crawl Stone Soup version 0.30-a0-12-gd8047c6341 (webtiles) character file.

Game seed: 13860947908224821285

7308 drugrobin the Slicer (level 10, -16/93 HPs)
             Began as a Demigod Delver on Aug 23, 2022.
             Demolished by a catoblepas (28 damage)
             ... on level 10 of the Dungeon.
             The game lasted 00:30:12 (13528 turns).

drugrobin the Slicer (Demigod Delver)              Turns: 13528, Time: 00:30:12

Health: -16/93     AC: 12    Str: 16    XL:     10   Next: 59%
Magic:  13/13      EV: 16    Int: 20    God:
Gold:   533        SH:  0    Dex: 23    Spells: 8/9 levels left

rFire   . . .      SeeInvis .    M - +4 falchion
rCold   . . .      Faith    .    (no shield)
rNeg    . . .      Spirit   .    y - +5 ring mail "Buuf" {Str+3 Dex+4}
rPois   .          Reflect  .    J - +0 helmet
rElec   .          Harm     .    s - +0 cloak
rCorr   .          Rampage  .    (no gloves)
Will    +....                    (no boots)
Stlth   +++.......               D - amulet of the acrobat
HPRegen 0.25/turn                L - ring of flight
MPRegen 0.13/turn                (no ring)

@: flying
A: high MP 1, forlorn, divine attributes
a: no special abilities


You were on level 10 of the Dungeon.
You visited 3 branches of the dungeon, and saw 12 of its levels.

You collected 533 gold pieces.

Inventory:

Hand Weapons
 a - a +1 dagger of venom
 b - a +4 dagger
 m - a +0 sling
 I - a +1 vorpal long sword
 M - a +4 falchion (weapon)
Missiles
 j - 104 stones
 l - 3 throwing nets
 z - 11 boomerangs (quivered)
 G - 9 poisoned darts
Armour
 r - a +0 troll leather armour
 s - a +0 cloak (worn)
 y - the +5 ring mail "Buuf" (worn) {Str+3 Dex+4}
   (You found it on level 2 of the Dungeon)

   Str:       It affects your strength (+3).
   Dex:       It affects your dexterity (+4).
 J - a +0 helmet (worn)
Magical Staves
 B - a staff of air
 H - a staff of death
Jewellery
 n - a ring of fire
 D - an amulet of the acrobat (around neck)
 L - a ring of flight (left hand)
Wands
 g - a wand of digging (3)
 h - a wand of iceblast (5)
Scrolls
 c - a scroll of fog
 d - 2 scrolls of magic mapping
 e - 2 scrolls of fear
 p - 3 scrolls of teleportation {unknown}
 q - 4 scrolls of silence {unknown}
 t - 2 scrolls of immolation
 v - a scroll of enchant armour
 w - 2 scrolls of noise {unknown}
 x - 3 scrolls of blinking
 A - 2 scrolls of enchant weapon
 C - 3 scrolls of amnesia
 E - a scroll of summoning
 N - a scroll of poison
Potions
 f - 5 potions of haste
 i - a potion of berserk rage {unknown}
 k - 2 potions of attraction
 o - 2 potions of might {unknown}
 u - 2 potions of curing
 F - 2 potions of flight {unknown}
 O - a potion of lignification {unknown}
 P - a potion of mutation {unknown}


   Skills:
 - Level 9.8 Fighting
 - Level 10.0 Short Blades
 + Level 7.8 Dodging
 - Level 4.5 Stealth


You had 8 spell levels left.
You knew the following spells:

 Your Spells              Type           Power      Damage    Failure   Level
a - Summon Small Mammal   Summ           0%         N/A       36%         1

Your spell library contained the following spells:

 Spells                   Type           Power      Damage    Failure   Level
 Apportation              Tloc           0%         N/A       36%         1
 Necrotise                Necr           0%         1d4       36%         1
 Poisonous Vapours        Pois/Air       0%         N/A       50%         2
 Frozen Ramparts          Ice            0%         1d1       73%         3
 Gell's Gravitas          Tloc           0%         N/A       73%         3
 Teleport Other           Tloc           0%         N/A       73%         3
 Vampiric Draining        Necr           0%         2d6       73%         3
 Corpse Rot               Necr/Pois/Air  0%         N/A       98%         4
 Ice Form                 Ice/Tmut       0%         N/A       98%         4
 Leda's Liquefaction      Hex/Erth       0%         N/A       98%         4
 Summon Ice Beast         Ice/Summ       0%         N/A       98%         4
 Agony                    Necr           0%         N/A       100%        5
 Lee's Rapid Deconstruct  Erth           0%         3d5*      100%        5
 Dispersal                Tloc           0%         N/A       100%        6
 Statue Form              Tmut/Erth      0%         N/A       100%        6


Dungeon Overview and Level Annotations

Branches:
Dungeon (10/15)            Temple (0/1) D:6            Lair (1/5) D:10
    Orc (1/2) D:9

Annotations:
D:4 1 runed translucent door, xian's ghost, amateur DrBe
D:5 Menkaure
D:7 3 runed translucent doors, osoart's ghost, novice GnWn


Innate Abilities, Weirdness & Mutations

You have an increased reservoir of magic. (+10% MP)
You shall have no god before yourself.
Your divine heritage dramatically boosts your attributes as you level up.


Message History

Unknown command.
Unknown command.
You slash the catoblepas!
The catoblepas is almost dead.
The catoblepas breathes a plume of calcifying dust at you.
The blast of calcifying dust hits you.
* * * LOW HITPOINT WARNING * * *
Unknown command.
Unknown command.
Unknown command.
Unknown command.
Unknown command.
Unknown command.
You hit the catoblepas but do no damage.
You punch the catoblepas.
The catoblepas is severely wounded.
The catoblepas breathes a plume of calcifying dust at you.
The blast of calcifying dust hits you.
* * * LOW HITPOINT WARNING * * *
Unknown command.
Unknown command.
Unknown command.
Unknown command.
Aiming: Iceblast
Press: ? - help, Shift-Dir - straight line The mass of ice explodes!
The iceblast engulfs the catoblepas.
The catoblepas is almost dead.
You are engulfed in calcifying dust.
The catoblepas gores you.
* * * LOW HITPOINT WARNING * * *
Unknown command.
Unknown command.
Unknown command.
Unknown command.
Aiming: Iceblast
Press: ? - help, Shift-Dir - straight line The mass of ice explodes!
The iceblast engulfs the catoblepas but does no damage.
The catoblepas is almost dead.
You are engulfed in calcifying dust.
The catoblepas gores you!!
You die...

#...##..~...~.~.~........#.#.#.#
##.###..~~~≈.≈~.≈....#.#...#.#.#
#### #.~.≈≈≈≈≈.~≈≈~..###.###.#.#
# #~..~≈≈≈~~≈≈~...........#.# ##
#≈~~~~~~≈~~≈~....##.......# .#
#≈≈≈≈≈.~.~.~≈~~.###.####### .#
#≈≈≈≈≈~....~~≈..# #.# .#
#≈≈≈≈~..>.~.≈≈≈.###.#
######≈≈≈~≈....Y@§§~~....#
#.....≈≈~~~~...§~≈≈..#####
#.####.~~≈≈~≈.~.§~~..#
..#.....≈≈≈≈..~≈≈~...#
....##..~~≈≈~.~≈≈≈§.[#
..####.)..~≈~.~~≈≈~§.#
#.####...~≈≈~.~~≈≈≈.§#
#....>.~~~≈≈~.~.~≈≈..#
#####.....~≈~.~.~~...#


You could see a catoblepas (very poisoned).

Vanquished Creatures
  Harold (D:9)
  Joseph (D:7)
  Maggie (D:8)
  An unseen horror (D:10)
  Grinder (D:4)
  A troll (D:10)
  A shadow (D:10)
  Sigmund (D:4)
  2 wyverns (D:9)
  A vampire mosquito (D:7)
  A water moccasin (D:6)
  3 black bears
  A sky beast (D:6)
  4 orc warriors
  An ice beast (D:6)
  2 wolves (D:10)
  3 centaurs
  4 ogres
  A phantom (D:5)
  2 bullfrogs
  A kobold brigand (D:8)
  A necrophage (D:7)
  A gnoll sergeant (D:8)
  10 scorpions
  12 wights
  9 killer bees
  7 howler monkeys
  2 electric eels (D:10)
  A jelly (D:4)
  8 hounds
  3 orc priests
  2 gnoll boudas
  2 iguanas
  2 orc wizards
  5 adders
  12 gnolls
  A river rat (D:4)
  A white imp (D:6)
  2 worms (D:2)
  A dart slug (D:4)
  25 orcs
  7 ball pythons
  7 endoplasms
  7 giant cockroaches
  6 goblins
  5 quokkas
  A bat (D:2)
  3 frilled lizards
  13 kobolds
  2 rats
  3 butterflies (D:6)
195 creatures vanquished.

Vanquished Creatures (others)
  7 plants (D:2)
7 creatures vanquished.

Grand Total: 202 creatures vanquished

Notes
Turn   | Place    | Note
-------+----------+-------------------------------------------
     0 | D:5      | drugrobin the Demigod Delver began the quest for the Orb.
     0 | D:5      | Reached XP level 1. HP: 18/18 MP: 3/3
    48 | D:5      | Noticed an ogre
   245 | D:3      | Reached skill level 2 in Short Blades
   340 | D:2      | Reached XP level 2. HP: 22/25 MP: 4/4
   595 | D:2      | Reached skill level 3 in Short Blades
   891 | D:1      | Reached XP level 3. HP: 25/30 MP: 5/5
  1582 | D:2      | Identified the +5 ring mail "Buuf" {Str+3 Dex+4}
  2531 | D:4      | Learned a level 1 spell: Summon Small Mammal
  2563 | D:4      | Reached XP level 4. HP: 38/38 MP: 6/6
  2838 | D:4      | Found a runed translucent door.
  2842 | D:4      | Noticed xian's ghost (amateur DrBe)
  2859 | D:4      | Reached skill level 4 in Short Blades
  2877 | D:4      | Found a runed translucent door.
  2905 | D:4      | Noticed Grinder
  2908 | D:4      | Paralysed by Grinder for 5 turns
  2927 | D:4      | Paralysed by Grinder for 2 turns
  2932 | D:4      | Killed Grinder
  2933 | D:4      | Reached XP level 5. HP: 18/47 MP: 7/7
  2933 | D:4      | Reached XP level 6. HP: 21/53 MP: 8/8
  3331 | D:4      | Noticed Sigmund
  3369 | D:4      | Killed Sigmund
  3370 | D:4      | Reached skill level 5 in Fighting
  3370 | D:4      | Reached skill level 5 in Short Blades
  3767 | D:5      | Noticed Menkaure
  4431 | D:5      | Reached XP level 7. HP: 61/61 MP: 9/9
  4527 | D:4      | Reached skill level 6 in Short Blades
  5009 | D:6      | Identified the +3 ring mail of Gicoa {*Slow rN+++ Will++}
  5229 | D:6      | Found a runed translucent door.
  5235 | D:6      | Found a runed translucent door.
  5245 | D:6      | Reached XP level 8. HP: 51/71 MP: 10/10
  5282 | D:6      | Found a staircase to the Ecumenical Temple.
  5292 | D:7      | Reached skill level 7 in Short Blades
  5850 | D:6      | Reached skill level 8 in Short Blades
  6415 | D:6      | Reached XP level 9. HP: 73/81 MP: 11/11
  7415 | D:7      | Reached skill level 9 in Short Blades
  7699 | D:7      | Noticed Joseph
  7759 | D:6      | HP: 4/83 [poisoned by a water moccasin]
  7763 | D:6      | HP: 1/83 [poisoned by a water moccasin]
  8467 | D:7      | Killed Joseph
  8761 | D:7      | Found a runed translucent gate.
  8761 | D:7      | Found a runed translucent gate.
  8761 | D:7      | Found a runed translucent gate.
  8817 | D:7      | Noticed osoart's ghost (novice GnWn)
  9253 | D:8      | Noticed Maggie
  9257 | D:8      | Killed Maggie
  9815 | D:8      | Reached skill level 10 in Short Blades
 10315 | D:9      | Noticed Harold
 10352 | D:9      | Killed Harold
 10353 | D:9      | Reached XP level 10. HP: 41/93 MP: 13/13
 10380 | D:9      | Noticed a manticore
 10837 | D:9      | Found a staircase to the Orcish Mines.
 10852 | Orc:1    | Entered Level 1 of the Orcish Mines
 10943 | D:9      | Reached skill level 5 in Dodging
 11439 | D:10     | Entered Level 10 of the Dungeon
 12565 | D:10     | Found a staircase to the Lair.
 13503 | Lair:1   | Entered Level 1 of the Lair of Beasts
 13503 | Lair:1   | Noticed a catoblepas
 13528 | D:10     | Demolished by a catoblepas

Illustrated notes

Levels and vault maps discovered:
D:1:      dpeg_arrival_rooms_b, layout_basic
D:2:      layout_loops_corners, serial_bayou_ford_a
D:3:      layout_rooms, chequers_ecumenical_altar_simple_redux
D:4:      layout_gridville, ebering_ghost_sewer_f, uniq_grinder, uniq_sigmund
D:5:      layout_rooms, general_overflow_altar, uniq_menkaure
D:6:      lemuel_insect_pit, layout_loops_cross, minmay_temple_entry_glass
D:7:      layout_rooms, gammafunk_ghost_necromancy, uniq_joseph
D:8:      layout_loops_cross, nicolae_wu_jian_immortal_techniques, uniq_maggie
D:9:      layout_roguey, david_orc_3, serial_aquarium, aquarium_bridge_square
          [aquarium_subvault_wall, aquarium_subvault_balcony,
          aquarium_subvault_bridge, aquarium_subvault_window],
          aquarium_window_fake, aquarium_window_1, aquarium_window_corner,
          aquarium_view_2a, uniq_harold
D:10:     layout_loops_corners, erik_lair_island
Lair:1:   beast_lair_carwin_large_2, layout_misc_corridors,
          gauntlet_entry_generic, pond
Orc:1:    layout_caves, mines2_lemuel

Skill      XL: |  1  2  3  4  5  6  7  8  9 10 |
---------------+-------------------------------+-----
Short Blades   | 2 3 4 5 6 8 10 | 10.0
Fighting       | 3 4 5 6 8 9 |  9.8
Dodging        | 4 7 |  7.8
Stealth        | |  4.5

Action                   |  1- 3 |  4- 6 |  7- 9 | 10-12 || total
-------------------------+-------+-------+-------+-------++-------
Melee: Short sword       |    15 |    24 |     9 |       ||    48
       Dagger            |    76 |    83 |   334 |   276 ||   769
       Punch             |     2 |     5 |    17 |     5 ||    29
       Long sword        |       |       |    41 |       ||    41
       Falchion          |       |       |   120 |    30 ||   150
 Fire: Sling             |     4 |       |       |       ||     4
Throw: Stone             |     1 |       |       |       ||     1
       Boomerang         |       |     6 |     4 |     9 ||    19
       Dart              |       |       |     3 |       ||     3
 Cast: Summon Small Mamm |       |       |     2 |       ||     2
Evoke: Wand              |       |     4 |     7 |     2 ||    13
  Use: Scroll            |       |     1 |     8 |     1 ||    10
       Potion            |       |       |     5 |       ||     5
 Stab: Sleeping          |    11 |     1 |     9 |     2 ||    23
       Distracted        |     1 |       |     2 |     1 ||     4
Armor: Leather armour    |     7 |       |       |       ||     7
       Ring mail         |     6 |    32 |   161 |    67 ||   266
Dodge: Dodged            |    48 |    55 |   242 |   186 ||   531

Table legend: (Time is in decaauts)
 A = Elapsed time spent in this place.
 B = Non-inter-level travel time spent in this place.
 C = Inter-level travel time spent in this place.
 D = Time resting spent in this place.
 E = Time spent auto-exploring this place.
 F = Levels seen in this place.
 G = Mean time per level.
                   A        B        C        D        E       F      G
               +--------+--------+--------+--------+--------+-----+--------+
         Total |  13213 |  12804 |    409 |   3253 |   6398 |  12 | 1101.1 |
       Dungeon |  13200 |  12791 |    409 |   3253 |   6398 |  10 | 1320.0 |
          Lair |      7 |      7 |      0 |      0 |      0 |   1 |    7.0 |
  Orcish Mines |      6 |      6 |      0 |      0 |      0 |   1 |    6.0 |
               +--------+--------+--------+--------+--------+-----+--------+

Top non-repeatable levels by time:
     D:6: 2147 daAuts
     D:4: 2010 daAuts
    D:10: 1844 daAuts
     D:8: 1556 daAuts
     D:7: 1488 daAuts
     D:2: 1059 daAuts
     D:9: 1050 daAuts
     D:1: 828 daAuts
     D:5: 639 daAuts
     D:3: 575 daAuts
  Lair:1: 7 daAuts
   Orc:1: 6 daAuts
